 Dungeon Crawl Stone Soup version 0.31-a0-875-g02e7d12df6 (webtiles) character file.

Game seed: 7430365828643742644

22 ytrimaz the Ruffian (level 2, -4/27 HPs)
             Began as an Octopode Shapeshifter on Oct 11, 2023.
             Slain by an iguana (6 damage)
             ... on level 2 of the Dungeon on Oct 12, 2023.
             The game lasted 00:02:19 (951 turns).

ytrimaz the Ruffian (Octopode Shapeshifter)          Turns: 951, Time: 00:02:20

Health: -4/27      AC: 21    Str: 13    XL:     2   Next: 91%
Magic:  2/2        EV:  2    Int: 12    God:
Gold:   27         SH:  5    Dex: 11    Spells: 1/1 levels left

rFire   . .          .
                       - Unarmed
rCold   . . .        (no shield)
rNeg    . . .        (helmet currently unavailable)
rPois   +            i - amulet of reflection
rElec   .            (no ring)
rCorr   .            (no ring)
SInv    .            (no ring)
Will    .....        (no ring)
Stlth   ++           (no ring)
HPRegen 0.24/turn    (no ring)
MPRegen 0.08/turn    (no ring)
                     (no ring)

%: reflection
@: tree-form
A: stationary, stasis, torment immunity, boosted hp, almost no armour,
(amphibious), 8 rings, (camouflage 1), (gelatinous body 1), (nimble swimmer 1),
(tentacles)
a: no special abilities


You were on level 2 of the Dungeon.
You were a tree.
You visited 1 branch of the dungeon, and saw 2 of its levels.

You collected 27 gold pieces.


Innate Abilities, Weirdness & Mutations

You are a tree.
Your roots penetrate the ground, keeping you stationary.
You cannot be teleported.
You are immune to unholy pain and torment.
Your maximum health is greatly increased.
You cannot wear most types of armour.
((You are amphibious.))
You can wear up to eight rings at the same time.
((Your skin changes colour to match your surroundings (Stealth+).))
((Your rubbery body absorbs attacks. (AC +1, EV +1)))
((You are camouflaged when in or above water. (Stealth+)))
((You have tentacles for arms and can constrict up to eight enemies at once.))


   Skills:
 - Level 1.0 Fighting
 - Level 2.0 Dodging
 * Level 2.4 Stealth
 + Level 3.2 Unarmed Combat
 * Level 3.2 Shapeshifting


You had one spell level left.
You didn't know any spells.
Your spell library was empty.

Inventory:

Jewellery
 i - an amulet of reflection (around neck)
   (You found it on level 1 of the Dungeon)
Talismans
 b - a beast talisman
 c - a flux talisman
 e - a granite talisman
   (You found it on level 1 of the Dungeon)
Scrolls
 f - a scroll of poison {unknown}
 g - a scroll of fear {unknown}
Potions
 d - a potion of brilliance {unknown}
 h - a potion of berserk rage {unknown}
 j - a potion of curing {unknown}

Dungeon Overview and Level Annotations

Branches:
Dungeon (2/15) Zot: 11051

Altars:

#.# #.# #.# # #.#
#.######.#
.......#.#
.....#.#
#.#####..#.#
#....gā™£l...#
########.........
.....#..###
#............
######.>#####
..... ##.### .#


You could see an iguana and a goblin.


Message History

Key pressed, stopping explore.
A rat comes into view. šŸ˜Ž HP[+3]
Your hp is fully restored (18).
A rat is nearby!
A rat is nearby!
A rat is nearby!
A rat is nearby!
A rat is nearby!
You closely miss the rat. You grab the rat. You constrict the rat.
You kill the rat!
You see here a rat corpse.
No target in view!
No target in view!
Unknown command.
You now have 22 gold pieces (gained 6).
A dart slug comes into view.
A dart slug is nearby!
A dart slug is nearby!
A dart slug is nearby!
You bludgeon the dart slug! You grab the dart slug.
You constrict the dart slug, but do no damage.
You block the dart slug's attack.
You tentacle-slap the dart slug.
You kill the dart slug!
Unknown command.
No target in view!
You see here a dart slug corpse.
Key pressed, stopping explore.
Found two stone staircases leading down.
Key pressed, stopping explore.
Key pressed, stopping explore.
You see here a dart slug corpse.
Key pressed, stopping explore.
You see here a human skeleton.
You now have 27 gold pieces (gained 5).
Key pressed, stopping explore.
You see here a human skeleton.
Key pressed, stopping explore.
A ball python comes into view.
A ball python is nearby!
A ball python is nearby!
The helpless ball python fails to defend itself.
You tentacle-slap the ball python.
You kill the ball python!
Key pressed, stopping explore.
You see here a +0 leather armour.
Done exploring.
There is a stone staircase leading down here.
You climb downwards.
There is a stone staircase leading up here.
Found a stone staircase leading down.
An iguana and a kobold come into view.
There are monsters nearby!
A goblin comes into view. It is wielding a +0 club.
The iguana hisses angrily.
The kobold shouts!
The goblin shouts!
The kobold barely misses you.
You tentacle-slap the kobold. You grab the kobold.
You constrict the kobold, but do no damage.
You completely miss the kobold. You squeeze the kobold.
You kill the kobold!
The goblin closely misses you.
You see here a +0 short sword.
You tentacle-slap the goblin. Your grab misses the goblin.
Your squeeze misses the goblin. The goblin barely misses you.
You tentacle-slap the iguana. Your grab misses the iguana.
You block the goblin's attack. The iguana bites you! šŸ˜® HP[-8]
You take 8 damage, and now have 10/18 hp.
MASSIVE DAMAGE!! (PAUSE)
Your transformation has ended.
You turn into a tree.
Your roots penetrate the ground.
The iguana bites you!
* * * LOW HITPOINT WARNING * * *
You block the goblin's attack. šŸ˜± HP[-5]
You now have 27 max hp (+9).
Unknown command.
You hit the iguana.
The iguana bites you but does no damage.
The goblin hits you but does no damage.
You hit the iguana. You block the iguana's attack.
The goblin hits you but does no damage.
You completely miss the iguana. You block the iguana's attack.
The goblin hits you but does no damage.
Unknown command.
Unknown command.
You hit the iguana.
The iguana bites you but does no damage.
The goblin hits you but does no damage. šŸ˜± HP[+1] Unknown command.
You hit the iguana but do no damage. The iguana bites you.
* * * LOW HITPOINT WARNING * * *
You block the goblin's attack. šŸ˜± HP[-4]
You take 4 damage, and now have 2/27 hp.
Unknown command.
You closely miss the iguana. The iguana bites you.
You die...

Skill      XL: |  1  2 |
---------------+-------+-----
Stealth        | 1 2 |  2.4
Fighting       | |  1.0
Dodging        | |  2.0
Unarmed Combat | |  3.2
Shapeshifting  | |  3.2

Action                     || total
---------------------------++-------
  Melee: Unarmed           ||    41
         Tentacles         ||     7
         Constrict         ||     8
         Punch             ||     1
    Use: Potion            ||     1
   Stab: Sleeping          ||     5
 Armour: Skin              ||    20
  Dodge: Dodged            ||    20
  Block: Other             ||    12

Levels and vault maps discovered:
D:1:      giann_forest_graveyard, layout_basic
D:2:      layout_basic, hellmonk_ecumenical_altar_crossroads, kennysheep_nub,
          minmay_bisected

Notes
Turn   | Place    | Note
-------+----------+-------------------------------------------
     0 | D:1      | ytrimaz the Octopode Shapeshifter began the quest for the
                  | Orb.
     0 | D:1      | Reached XP level 1. HP: 13/13 MP: 1/1
     0 | D:1      | magus.rc [v1.9.6]
     0 | D:1      | Upgraded the game from 0.31-a0-868-g674d60d6f7 to
                  | 0.31-a0-875-g02e7d12df6
     0 | D:1      | magus.rc [v1.9.6]
    33 | D:1      | Reached skill level 1 in Stealth
   180 | D:1      | Reached XP level 2. HP: 18/18 MP: 2/2
   236 | D:1      | Reached skill level 2 in Stealth
   945 | D:2      | HP: 5/27 [iguana (10)]
   950 | D:2      | HP: 2/27 [iguana (4)]
   951 | D:2      | Slain by an iguana

Vanquished Creatures
  2 dart slugs (D:1)
  An endoplasm (D:1)
  A giant cockroach (D:1)
  A goblin (D:1)
  2 hobgoblins (D:1)
  2 quokkas (D:1)
  A ball python (D:1)
  3 bats (D:1)
  2 frilled lizards (D:1)
  2 kobolds
  A rat (D:1)
18 creatures vanquished.

Table legend:
 A = Non-vault XP
 B = Vault XP
 C = Vault XP percentage of total XP
 D = Non-vault monster count
 E = Vault monster count
 F = Vault count percentage of total count
                 A         B        C        D         E       F
            +---------+---------+-------+---------+---------+-------
      Total |      32 |       0 |   0.0 |      18 |       0 |   0.0
            +---------+---------+-------+---------+---------+-------
        D:1 |      30 |       0 |   0.0 |      17 |       0 |   0.0
        D:2 |       2 |       0 |   0.0 |       1 |       0 |   0.0
            +---------+---------+-------+---------+---------+-------

Skill      XL: |  1  2 |
---------------+-------+-----
Stealth        | 1 2 |  2.4
Fighting       | |  1.0
Dodging        | |  2.0
Unarmed Combat | |  3.2
Shapeshifting  | |  3.2

Action                     || total
---------------------------++-------
  Melee: Unarmed           ||    41
         Tentacles         ||     7
         Constrict         ||     8
         Punch             ||     1
    Use: Potion            ||     1
   Stab: Sleeping          ||     5
 Armour: Skin              ||    20
  Dodge: Dodged            ||    20
  Block: Other             ||    12

Illustrated notes

Table legend:
 A = Kills in this place as a percentage of kills in the entire game.
 B = Kills by you in this place as a percentage of kills by you in the entire game.
 C = Kills by friends in this place as a percentage of kills by friends in the entire game.
 D = Other kills in this place as a percentage of other kills in the entire game.
 E = Experience gained in this place as a percentage of experience gained in the entire game.
 F = Experience gained in this place divided by the number of levels of this place that you have seen.
                   A       B       C       D       E      F
               +-------+-------+-------+-------+-------+----------------------
         Total | 100.0 | 100.0 |   N/A |   N/A | 100.0 |  16.0
       Dungeon | 100.0 | 100.0 |   N/A |   N/A | 100.0 |  16.0
               +-------+-------+-------+-------+-------+----------------------

Table legend: (Time is in decaauts)
 A = Elapsed time spent in this place.
 B = Non-inter-level travel time spent in this place.
 C = Inter-level travel time spent in this place.
 D = Time resting spent in this place.
 E = Time spent auto-exploring this place.
 F = Levels seen in this place.
 G = Mean time per level.
                   A        B        C        D        E       F      G
               +--------+--------+--------+--------+--------+-----+--------+
         Total |    947 |    911 |     36 |      0 |    757 |   2 |  473.5 |
       Dungeon |    947 |    911 |     36 |      0 |    757 |   2 |  473.5 |
               +--------+--------+--------+--------+--------+-----+--------+

Top non-repeatable levels by time:
     D:1: 925 daAuts
     D:2: 22 daAuts
